 Dungeon Crawl Stone Soup version 0.26-a0-812-g31a745ddcd (webtiles) character file.

Game seed: 1922796388781036646

630983 Argons the Invulnerable (level 27, 27/138 HPs)
             Began as a Gargoyle Transmuter on Nov 22, 2020.
             Was the Champion of Qazlal.
             Quit the game on level 2 of the Abyss.
             The game lasted 04:53:26 (63753 turns).

Argons the Invulnerable (Gargoyle Transmuter)      Turns: 63753, Time: 04:53:27

Health: 27/138     AC: 66    Str: 28    XL:     27
Magic:  25/25      EV: 10    Int: 15    God:    Qazlal [******]
Gold:   8588       SH: 38    Dex: 13    Spells: 30/30 levels left

rFire    + + .     SeeInvis .   y - +9 demon whip (flame)
rCold    + + +     Faith    .   c - +4 tower shield {rN+}
rNeg     + + +     Spirit   .   B - +12 gold dragon scales
rPois    ∞         Reflect  .   S - +2 helmet
rElec    +         Harm     .   X - +0 cloak of the Baker {rN+}
rCorr    .         Rampage  .   p - +0 pair of gloves {Dex+3}
MR       ++...     Rnd*Rage +   N - +2 pair of boots
Stlth    ..........             F - amulet of regeneration
HPRegen  0.73/turn              L - +4 ring of slaying
MPRegen  0.19/turn              Q - ring of Isoecw {rF+ rC+ Stlth-}

@: protected from cold, flying, glowing, repel missiles
A: big wings, [berserk 3], deformed body, [frail 2], [low mp 2], negative energy
resistance 1, electricity resistance, strong 1, unbreathing, petrification
resistance, rot immunity, AC +20
}: 3/15 runes: decaying, serpentine, silver
a: Stop Flying, Upheaval, Elemental Force, Disaster Area, Renounce Religion


You were on level 2 of the Abyss.
You worshipped Qazlal.
Qazlal was exalted by your worship.
You visited 9 branches of the dungeon, and saw 45 of its levels.
You visited the Abyss 6 times.
You also visited: Ice Cave and Volcano.

You collected 11279 gold pieces.
You spent 2691 gold pieces at shops.

Inventory:

Hand Weapons
 y - a +9 demon whip of flaming (weapon)
 R - the +6 morningstar of the Exiled Continents {holy, +Rage rPois rN+}
   (You took it off a centaur warrior on level 14 of the Dungeon)

   It has been blessed by the Shining One to cause great damage to the undead
   and demons.
   It protects you from poison.
   It protects you from negative energy.
   It lets you go berserk.
Missiles
 r - 28 poisoned darts (quivered)
Armour
 c - a +4 tower shield of positive energy (worn)
 p - a +0 pair of gloves of dexterity (worn)
 B - +12 gold dragon scales (worn)
 N - a +2 pair of boots (worn)
 S - a +2 helmet (worn)
 X - the +0 cloak of the Baker (worn) {rN+}
   (You bought it in a shop on level 4 of the Snake Pit)

   It protects you from negative energy.
Jewellery
 d - a +4 ring of evasion
 i - the amulet of the Four Winds {rN+ MR+++ Clar}
   (You took it off a tengu reaver on level 5 of the Vaults)

   [amulet of nothing]

   It protects you from negative energy.
   It affects your resistance to hostile enchantments.
   It protects you against confusion.
 v - an uncursed ring of protection from magic
 x - an uncursed amulet of faith
 D - an uncursed ring of see invisible
 F - an amulet of regeneration (around neck)
 H - an uncursed amulet of the acrobat
 I - an uncursed ring of protection from magic
 L - a +4 ring of slaying (left hand)
 M - a +4 ring of protection
 P - the amulet of Vitality {Regen+ HP+15}
   (You took it off a black draconian on level 5 of the Depths)

   [amulet of regeneration]

   It affects your health (+15).
   It increases your rate of regeneration.
 Q - the ring of Isoecw (right hand) {rF+ rC+ Stlth-}
   (You found it on level 3 of the Elven Halls)

   [ring of attention]

   It protects you from fire.
   It protects you from cold.
   It makes you less stealthy.
 Z - an uncursed ring of positive energy
Wands
 l - a wand of digging (6)
 t - a wand of iceblast (40)
 J - a wand of acid (56)
Scrolls
 b - 45 scrolls of remove curse
 m - 11 scrolls of teleportation
 n - 4 scrolls of brand weapon
 q - 5 scrolls of vulnerability
 u - 15 scrolls of identify
 A - 10 scrolls of magic mapping
 E - 7 scrolls of blinking
 G - a scroll of enchant weapon
 O - 6 scrolls of silence
 T - a scroll of summoning {unknown}
 U - a scroll of enchant armour
 W - 2 scrolls of holy word
Potions
 a - 14 potions of attraction
 e - 4 potions of heal wounds
 f - 5 potions of invisibility
 g - 6 potions of lignification
 h - 4 potions of magic
 j - 4 potions of resistance
 k - 3 potions of mutation
 o - 4 potions of might
 s - 25 potions of curing
 w - 2 potions of cancellation
 z - 13 potions of brilliance
 C - 7 potions of haste
 K - 5 potions of berserk rage


   Skills:
 - Level 18.0 Fighting
 + Level 24.5 Maces & Flails
 O Level 27 Armour
 - Level 5.0 Dodging
 + Level 23.7 Shields
 - Level 3.0 Unarmed Combat
 - Level 2.0 Spellcasting
   Level 1.5 Transmutations
 - Level 11.0 Invocations


You had 30 spell levels left.
You didn't know any spells.
Your spell library contained the following spells:

 Spells                   Type           Power        Failure   Level
 Beastly Appendage        Tmut           #.....       63%         1
 Sting                    Tmut/Pois      #...         73%         1
 Wereblood                Tmut           #.......     77%         2
 Animate Skeleton         Necr           #.....       83%         1
 Apportation              Tloc           #.....       83%         1
 Corona                   Hex            #......      83%         1
 Freeze                   Ice            #...         83%         1
 Magic Dart               Conj           #...         83%         1
 Pain                     Necr           #...         83%         1
 Sandblast                Erth           #.....       83%         1
 Shock                    Conj/Air       #...         83%         1
 Summon Small Mammal      Summ           #...         83%         1
 Passwall                 Tmut/Erth      #.......     86%         2
 Blink                    Tloc           N/A          92%         2
 Call Imp                 Summ           #.......     92%         2
 Corpse Rot               Necr/Air       N/A          92%         2
 Ensorcelled Hibernation  Hex/Ice        #.....       92%         2
 Searing Ray              Conj           #.....       92%         2
 Slow                     Hex            #.......     92%         2
 Swiftness                Air            #.......     92%         2
 Spider Form              Tmut/Pois      #.........   97%         3
 Ignite Poison            Fire/Tmut/Pois #.......     98%         3
 Call Canine Familiar     Summ           #.......     99%         3
 Conjure Flame            Conj/Fire      #.......     99%         3
 Dazzling Flash           Conj/Hex       #.....       99%         3
 Frozen Ramparts          Ice            #.....       99%         3
 Inner Flame              Hex/Fire       #.......     99%         3
 Mephitic Cloud           Conj/Pois/Air  #.......     99%         3
 Ozocubu's Armour         Ice            #.......     99%         3
 Portal Projectile        Hex/Tloc       #.....       99%         3
 Static Discharge         Conj/Air       #.......     99%         3
 Stone Arrow              Conj/Erth      #.....       99%         3
 Summon Guardian Golem    Hex/Summ       #.......     99%         3
 Vampiric Draining        Necr           #.........   99%         3
 Airstrike                Air            #.........   100%        4
 Animate Dead             Necr           #.........   100%        4
 Cause Fear               Hex            #.........   100%        4
 Fulminant Prism          Conj/Hex       #.........   100%        4
 Hailstorm                Conj/Ice       #.......     100%        4
 Ice Form                 Ice/Tmut       #.......     100%        4
 Iskenderun's Mystic Bla  Conj/Tloc      #.......     100%        4
 Leda's Liquefaction      Hex/Erth       #.........   100%        4
 Olgreb's Toxic Radiance  Pois           #.......     100%        4
 Petrify                  Tmut/Erth      #.......     100%        4
 Summon Ice Beast         Ice/Summ       #.......     100%        4
 Summon Lightning Spire   Summ/Air       #.......     100%        4
 Agony                    Necr           #.......     100%        5
 Alistair's Intoxication  Tmut/Pois      #........    100%        5
 Blade Hands              Tmut           #.........   100%        5
 Bolt of Magma            Conj/Fire/Erth #.........   100%        5
 Borgnjor's Vile Clutch   Necr/Erth      #.........   100%        5
 Fireball                 Conj/Fire      #.........   100%        5
 Irradiate                Conj/Tmut      #.........   100%        5
 Lee's Rapid Deconstruct  Erth           #.........   100%        5
 Lightning Bolt           Conj/Air       #.........   100%        5
 Metabolic Englaciation   Hex/Ice        #.........   100%        5
 Silence                  Hex/Air        #.........   100%        5
 Summon Demon             Summ           #.........   100%        5
 Summon Forest            Summ/Tloc      #.........   100%        5
 Summon Mana Viper        Hex/Summ       #.......     100%        5
 Yara's Violent Unravell  Hex/Tmut       #.........   100%        5
 Conjure Ball Lightning   Conj/Air       #.........   100%        6
 Death Channel            Necr           #.........   100%        6
 Eringya's Noxious Bog    Tmut/Pois      #.........   100%        6
 Hydra Form               Tmut           #.........   100%        6
 Iron Shot                Conj/Erth      #.........   100%        6
 Shadow Creatures         Summ           N/A          100%        6
 Simulacrum               Ice/Necr       #.........   100%        6
 Starburst                Conj/Fire      #.........   100%        6
 Dragon Form              Tmut           #.........   100%        7
 Haunt                    Necr/Summ      #.........   100%        7
 Summon Hydra             Summ           #.........   100%        7
 Borgnjor's Revivificati  Necr           #.........   100%        8
 Discord                  Hex            #.........   100%        8
 Ignition                 Fire           #.........   100%        8
 Infestation              Necr           #.........   100%        8
 Necromutation            Tmut/Necr      #.........   100%        8
 Death's Door             Necr           #.........   100%        9
 Shatter                  Erth           #.........   100%        9
 Tornado                  Air            #.........   100%        9
 Statue Form              Tmut/Erth      Unusable     N/A         6

Dungeon Overview and Level Annotations

Branches:
Dungeon (15/15)            Temple (1/1) D:5            Lair (6/6) D:11
  Swamp (4/4) Lair:2        Snake (4/4) Lair:4        Slime (0/5) Lair:5
    Orc (2/2) D:12            Elf (3/3) Orc:2        Vaults (5/5) D:14
  Crypt (0/3) Vaults:3     Depths (5/5) D:15            Zot (0/5) Depths:5
  IceCv (visited)         Volcano (visited)

Altars:
Ashenzari
Cheibriados
Dithmenos
Elyvilon
Fedhas
Gozag
Hepliaklqana
Kikubaaqudgha
Makhleb
Nemelex Xobeh
Okawaru
Qazlal
Ru
Sif Muna
Trog
Uskayaw
Vehumet
Wu Jian
Xom
Yredelemnul
Zin
The Shining One
Beogh
Jiyva
Lugonu

Shops:
Orc:1 =   Orc:2 !([=   Snake:1 ?   Snake:4 !([?}   Vaults:1 !   Vaults:3 =?=
Vaults:4 *

Portals:
Hell: Depths:1 Depths:2 Depths:3 Depths:4 Depths:5
Abyss: Depths:2 Depths:4
Pandemonium: Depths:2 Depths:3
Ziggurat: Depths:2
Trove: Vaults:1 (give 7 scrolls of blinking)

Annotations:
Orc:1 rings
Vaults:1 potions of curing
Vaults:3 rC rN++ ring


Innate Abilities, Weirdness & Mutations

You are resistant to torment.
Your stone body is resilient. (AC +20)
You are immune to poison.
Your large and strong wings let you fly indefinitely.
You resist negative energy. (rN+)
You are resistant to electric shocks. (rElec)
You can survive without breathing.
You are immune to petrification.
You are immune to rotting.
Armour fits poorly on your strangely shaped body.
Your muscles are strong. (Str +2)
[You have an uncontrollable temper.]
[You are very frail. (-20% HP)]
[Your magical capacity is very low. (-20% MP)]


Message History

The bone dragon is engulfed in blessed fire.
You block the bone dragon's attack. x2
The bone dragon tramples you but does no damage.
Quiver which item? (- for none, * to show all) (? for menu, Esc to quit)
That's the wrong kind of item! (Use * to select it.) Quiver which item? (- for none, * to show all) (? for menu, Esc to quit)
That's the wrong kind of item! (Use * to select it.) Quiver which item? (- for none, * to show all) (? for menu, Esc to quit)
That's the wrong kind of item! (Use * to select it.) Quiver which item? (- for none, * to show all) (? for menu, Esc to quit)
Huh?
Quiver which item? (- for none, * to show all) (? for menu, Esc to quit)
That's the wrong kind of item! (Use * to select it.) Quiver which item? (- for none, * to show all) (? for menu, Esc to quit)
That's the wrong kind of item! (Use * to select it.) Quiver which item? (- for none, * to show all) (? for menu, Esc to quit)
Okay, then.
Unknown command.
Unknown command.
Are you sure you want to abandon this character and quit the game? (Confirm with "yes".)

. . .. . # ... ..
.##...... ... #....#
. # #X... ........ .
. .#X....#....... #
......
#....#.#....##.. ..
#.. #X............ .
.#......#...# ...#
..###.#...#.X##5#.#
#. ## .....XX☼@...#
..........XxX#DG#..#
......#.#..###k## #
.........#.# #.#
.....#...X.# #X# #..
... .#.XX# ...###.
...∩..# ..
##.#..........# . #
.#...#.....#


You could see a bone dragon, 8 starcursed masses, an ophan, a death drake, a
small abomination and a white imp.

Vanquished Creatures
  2 ancient liches
  A juggernaut (Depths:5)
  Sojobo (Depths:5)
  Frederick (Vaults:4)
  Boris (Depths:5)
  Saint Roka (Depths:1)
  Vashnia (Snake:4)
  A bone dragon (Depths:5)
  6 golden dragons
  2 tentacled monstrosities
  Jorgrun (Orc:2)
  5 liches
  Rupert (Lair:6)
  An Ice Fiend (IceCv)
  3 deep elf master archers (Elf:3)
  7 titans
  2 deep elf blademasters
  4 sphinxes
  19 tentacled starspawn
  A thorn hunter (Swamp:3)
  2 storm dragons (Vaults:4)
  9 tengu reavers
  5 shadow dragons
  An Executioner (Abyss:4)
  Donald (Elf:1)
  Roxanne (Swamp:3)
  14 nagarajas
  6 fire giants
  13 deep elf sorcerers
  A ghost moth (Abyss:4)
  A draconian knight (Depths:5)
  16 frost giants
  15 vault wardens
  2 cacodemons (Abyss:3)
  19 very ugly things
  A draconian annihilator (Depths:5)
  A draconian shifter (Depths:5)
  12 ironheart preservers
  11 deep elf elementalists
  24 stone giants
  2 spriggan defenders (Depths:5)
  2 war gargoyles (Vaults:5)
  A vampire knight (Depths:5)
  A green draconian (Depths:5)
  2 entropy weavers (Vaults:2)
  An ophan (Abyss:2)
  8 deep elf demonologists
  2 black draconians (Depths:5)
  4 spark wasps (Depths:4)
  A yellow draconian (Depths:5)
  13 deep elf annihilators
  4 bunyips
  An eidolon (Depths:2)
  5 green deaths
  11 ettins
  3 eleionomae
  A death ooze (Swamp:4)
  9 deep elf death magi
  22 yaktaur captains
  9 fire dragons
  10 ogre magi
  A servant of whispers (Vaults:4)
  7 rakshasas
  A great orb of eyes (shapeshifter) (Abyss:3)
  2 hell beasts (Swamp:4)
  32 naga warriors
  Fannar (Lair:1)
  27 vault guards
  6 great orbs of eyes
  5 deep elf high priests
  17 hydras
  4 boulder beetles
  10 ice dragons
  Harold (D:10)
  2 spriggan air magi
  2 ghost crabs
  7 centaur warriors
  2 anacondas (shapeshifter)
  3 death knights
  32 two-headed ogres
  25 dancing weapons
  5 hell hogs
  14 deep troll shamans
  10 anacondas
  15 deep troll earth magi
  4 orc high priests
  9 alligators
  A queen ant (D:10)
  4 death yaks
  7 tengu warriors
  5 vampire magi
  15 thrashing horrors
  20 naga sharpshooters
  7 goliath frogs
  17 wretched stars
  6 shock serpents
  Nergalle (D:10)
  2 soul eaters
  2 sun demons
  6 iron trolls
  21 deep elf knights
  9 hell knights
  3 shadow wraiths (Depths:3)
  3 sixfirhies
  A spatial maelstrom (Abyss:2)
  13 skeletal warriors
  5 spriggan druids
  13 unseen horrors
  9 swamp dragons
  A spectral anaconda (Depths:3)
  4 naga ritualists
  12 glowing orange brains
  2 orange crystal statues (Depths:3)
  3 flayed ghosts
  2 anaconda skeletons
  A deep troll (shapeshifter) (Abyss:3)
  31 deep trolls
  An unseen horror (shapeshifter) (Vaults:5)
  Pikel (D:4)
  11 bog bodies
  5 phantasmal warriors
  5 wizards
  17 ironbrand convokers
  2 lindwurms
  9 orc sorcerers
  15 deep elf archers
  15 orc knights
  2 oklob plants
  A necromancer (Depths:2)
  54 deep elf magi
  A manticore (shapeshifter) (Vaults:3)
  2 manticores
  56 ugly things
  A shadow dragon skeleton (Vaults:3)
  2 will-o-the-wisps
  9 mana vipers
  A mana viper (shapeshifter) (Elf:1)
  6 cyclopes
  8 salamanders
  3 wolf spiders
  A fire giant zombie (Abyss:3)
  5 elephants (Lair:3)
  An elephant (shapeshifter) (Vaults:4)
  7 worldbinders
  4 human skeletons (Vaults:3)
  11 vault sentinels
  25 black mambas
  A fire giant skeleton (Vaults:3)
  8 guardian serpents
  2 ice statues
  22 naga magi
  2 torpor snails (shapeshifter) (Vaults:5)
  2 apocalypse crabs
  2 molten gargoyles (Volcano)
  A stone giant skeleton (Vaults:3)
  9 smoke demons
  6 orange demons
  2 frost giant skeletons
  5 torpor snails (Lair:6)
  2 hellions
  3 rime drakes
  A spriggan zombie (Depths:2)
  16 cane toads
  2 centaur skeletons (D:14)
  Maggie (D:10)
  4 efreet
  4 ice devils (IceCv)
  2 yaktaurs (shapeshifter)
  5 kobold demonologists
  2 golden dragon simulacra (IceCv)
  59 yaktaurs
  2 hellwings
  An anaconda simulacrum (IceCv)
  4 spectral merfolk (Depths:3)
  14 ancient zymes
  10 freezing wraiths
  A tormentor (Abyss:4)
  A demonic crawler (Abyss:3)
  9 komodo dragons
  9 tengu conjurers
  A merfolk (shapeshifter) (D:14)
  A troll (shapeshifter) (Vaults:3)
  19 hornets
  A polar bear (Lair:2)
  A red devil (Depths:2)
  8 trolls
  8 tyrant leeches
  Prince Ribbit (D:9)
  Grinder (D:5)
  23 raiju
  25 slime creatures
  8 blink frogs
  2 saltlings (Vaults:4)
  4 air elementals
  8 spriggans
  49 large abominations
  A spriggan (shapeshifter) (D:14)
  An ettin skeleton (Abyss:1)
  11 shadows
  A flying skull (Abyss:2)
  15 ynoxinuls
  A redback (shapeshifter) (D:14)
  5 wyverns
  A dire elephant simulacrum (IceCv)
  8 fire bats
  2 humans (D:8)
  8 vampires
  16 wraiths
  A hog (shapeshifter) (Depths:2)
  44 yaks
  2 elf zombies (Depths:2)
  9 water elementals
  A golden eye (Abyss:2)
  3 fire elementals
  7 basilisks
  7 neqoxecs
  16 chaos spawn
  7 vampire mosquitoes
  A death yak simulacrum (IceCv)
  An insubstantial wisp (Abyss:2)
  5 spatial vortices
  4 iron troll simulacra (IceCv)
  15 swamp worms
  17 wargs
  A soldier ant (shapeshifter) (D:13)
  38 small abominations
  4 harpy simulacra
  73 nagas
  10 hell hounds
  21 soldier ants
  2 floating eyes
  19 water moccasins
  3 spectral trolls
  A spectral spriggan (Depths:3)
  4 acid dragons
  2 black bears
  A deep troll skeleton (Vaults:3)
  5 hydra simulacra (IceCv)
  8 sky beasts
  A sky beast (shapeshifter) (Depths:2)
  An alligator simulacrum (IceCv)
  2 snapping turtle zombies (Depths:3)
  A swamp drake (Swamp:2)
  57 orc warriors
  3 eyes of draining
  5 ice beasts
  37 ogres
  An ogre (shapeshifter) (Vaults:3)
  2 phantoms
  5 necrophages
  4 boggarts
  A boggart (shapeshifter) (Abyss:3)
  18 wolves
  21 centaurs
  A lemure (D:4)
  An elf skeleton (Vaults:3)
  7 big kobolds
  15 bullfrogs
  2 wyvern zombies
  A glowing shapeshifter simulacrum (Vaults:3)
  A gnoll sergeant (D:7)
  4 earth elementals
  6 scorpions
  5 spectral ogres (Depths:3)
  A spectral naga (Depths:3)
  7 killer bees
  A snapping turtle simulacrum (Abyss:3)
  2 elephant simulacra (IceCv)
  27 wights
  4 howler monkeys
  5 electric eels
  2 spectral centaurs (Depths:3)
  A crimson imp (Depths:2)
  A bullfrog zombie (D:11)
  4 centaur zombies
  6 lava snakes (Volcano)
  11 hounds
  6 draconian simulacra (IceCv)
  54 starcursed masses
  5 jellies
  Crazy Yiuf (D:6)
  3 quasits
  48 orc priests
  5 iron imps
  48 orc wizards
  4 bullfrog skeletons
  4 iguanas
  A polar bear simulacrum (IceCv)
  2 spriggan simulacra (IceCv)
  36 worker ants
  2 troll simulacra (IceCv)
  2 centaur simulacra (IceCv)
  2 hound zombies
  A hound skeleton (D:8)
  A howler monkey zombie (D:5)
  9 gnolls
  17 adders
  4 naga simulacra
  3 ogre simulacra (IceCv)
  3 shadow imps
  17 white imps
  10 ufetubi
  An ooze (D:2)
  2 adder skeletons
  6 worms
  4 dart slugs
  10 leopard geckos
  141 orcs
  5 giant cockroaches
  7 goblins
  8 hobgoblins
  13 jackals
  10 kobolds
  8 quokkas
  3 ball pythons
  6 bats
  2 frilled lizards
  A frilled lizard (shapeshifter) (Depths:2)
  A leopard gecko zombie (D:9)
  8 rats
  4 crawling corpses
  6 lurking horrors
  25 starspawn tentacles
2688 creatures vanquished.

Vanquished Creatures (collateral kills)
  A vault guard (Vaults:5)
  A komodo dragon (Lair:2)
2 creatures vanquished.

Vanquished Creatures (others)
  A deep elf master archer (Elf:3)
  A storm dragon (Vaults:5)
  A frost giant (Vaults:5)
  An ironheart preserver (Vaults:2)
  An eleionoma (Swamp:1)
  An ice dragon (shapeshifter) (Abyss:3)
  A two-headed ogre (Volcano)
  A deep troll earth mage (Vaults:5)
  2 thrashing horrors (Abyss:3)
  A naga sharpshooter (Snake:4)
  2 deep elf magi
  A vault sentinel (Vaults:5)
  An orange demon (Swamp:4)
  2 yaktaurs
  4 bloated husks
  A wraith (Depths:3)
  2 basilisks (D:13)
  A neqoxec (Depths:2)
  A vampire mosquito (Swamp:4)
  A sky beast (D:15)
  An orc warrior (Vaults:3)
  An ogre (Vaults:2)
  A boggart (Depths:3)
  A crimson imp (Abyss:2)
  2 white imps (Abyss:2)
  2 ufetubi
  2 orcs (Orc:2)
  21 fungi
  60 plants
  36 starspawn tentacles
  3 withered plants (D:2)
157 creatures vanquished.

Grand Total: 2847 creatures vanquished

Notes
Turn   | Place    | Note
-------+----------+-------------------------------------------
     0 | D:1      | Argons the Gargoyle Transmuter began the quest for the Orb.
     0 | D:1      | Reached XP level 1. HP: 12/12 MP: 3/3
   254 | D:1      | Reached XP level 2. HP: 17/17 MP: 5/5
   540 | D:1      | Reached XP level 3. HP: 18/23 MP: 6/6
   656 | D:1      | Reached skill level 1 in Maces & Flails
  1047 | D:2      | Found an ancient bone altar of Kikubaaqudgha.
  1095 | D:2      | Reached XP level 4. HP: 25/28 MP: 7/7
  1364 | D:2      | Found a sparkling altar of Nemelex Xobeh.
  1365 | D:2      | Found a radiant altar of Vehumet.
  1436 | D:2      | Found a transporter.
  1442 | D:2      | Found a transporter.
  1448 | D:2      | Found a shimmering blue altar of Sif Muna.
  1622 | D:2      | Found a shimmering altar of Xom.
  1623 | D:2      | Found a shimmering altar of Xom.
  1624 | D:2      | Found a shimmering altar of Xom.
  1624 | D:2      | Found a shimmering altar of Xom.
  2233 | D:3      | Reached XP level 5. HP: 29/32 MP: 8/8
  3008 | D:3      | Reached XP level 6. HP: 37/37 MP: 9/9
  3192 | D:2      | Reached skill level 5 in Maces & Flails
  4061 | D:4      | Reached skill level 1 in Armour
  4325 | D:5      | Entered Level 5 of the Dungeon
  4325 | D:5      | Noticed a sky beast
  4360 | D:4      | Reached skill level 2 in Armour
  4360 | D:4      | Reached XP level 7. HP: 39/41 MP: 10/10
  4384 | D:5      | Noticed Grinder
  4393 | D:5      | Killed Grinder
  4393 | D:5      | Reached skill level 4 in Armour
  4717 | D:5      | Reached skill level 5 in Armour
  4848 | D:5      | Noticed Pikel
  4884 | D:4      | Killed Pikel
  4884 | D:4      | Reached skill level 7 in Armour
  4884 | D:4      | Reached XP level 8. HP: 30/46 MP: 11/11
  5240 | D:5      | Found a blossoming altar of Fedhas.
  5298 | D:5      | Reached skill level 8 in Armour
  5548 | D:5      | Found a staircase to the Ecumenical Temple.
  5573 | Temple   | Entered the Ecumenical Temple
  5659 | Temple   | Became a worshipper of Qazlal Stormbringer
  5723 | D:5      | Found a broken altar of Ashenzari.
  6013 | D:6      | Reached XP level 9. HP: 53/53 MP: 12/12
  6054 | D:6      | Reached skill level 5 in Fighting
  6408 | D:6      | Found a runed translucent door.
  6409 | D:6      | Noticed Crazy Yiuf
  6419 | D:6      | Killed Crazy Yiuf
  6481 | D:6      | Found a shadowy altar of Dithmenos.
  6486 | D:6      | Reached * piety under Qazlal
  6486 | D:6      | Reached skill level 1 in Invocations
  6846 | D:7      | Noticed a six-headed hydra
  7138 | D:7      | Reached ** piety under Qazlal
  7144 | D:7      | Found a hide-covered altar of Uskayaw.
  7145 | D:7      | Noticed a +0 dagger
  7146 | D:7      | Noticed a +0 dagger
  7171 | D:7      | Killed a six-headed hydra
  7171 | D:7      | Reached skill level 5 in Invocations
  7171 | D:7      | Reached XP level 10. HP: 57/60 MP: 9/14
  7480 | D:8      | Found a hazy altar of Hepliaklqana.
  7527 | D:8      | Found an iron altar of Okawaru.
  7651 | D:8      | Reached skill level 10 in Maces & Flails
  8095 | D:8      | Found a sacrificial altar of Ru.
  8210 | D:8      | Reached *** piety under Qazlal
  8469 | D:9      | Reached skill level 9 in Armour
  8634 | D:9      | Found a snail-covered altar of Cheibriados.
  8873 | D:9      | Reached XP level 11. HP: 45/64 MP: 16/16
  8911 | D:9      | Noticed a two-headed ogre
  9040 | D:9      | Noticed Prince Ribbit
  9059 | D:9      | Killed Prince Ribbit
  9320 | D:9      | Killed a two-headed ogre
  9320 | D:9      | Reached skill level 10 in Armour
  9780 | D:9      | Reached **** piety under Qazlal
  9951 | D:10     | Entered Level 10 of the Dungeon
 10098 | D:10     | Noticed Harold
 10098 | D:10     | Paralysed by Harold for 2 turns
 10118 | D:10     | Paralysed by Harold for 4 turns
 10133 | D:10     | Killed Harold
 10275 | D:10     | Noticed Maggie
 10301 | D:10     | Killed Maggie
 10301 | D:10     | Reached skill level 11 in Armour
 10470 | D:10     | Noticed Nergalle
 10512 | D:10     | Killed Nergalle
 10732 | D:10     | Reached ***** piety under Qazlal
 10752 | D:10     | Reached XP level 12. HP: 64/70 MP: 17/17
 10814 | D:10     | Reached skill level 12 in Armour
 10882 | D:10     | Noticed a queen ant
 10893 | D:10     | Killed a queen ant
 11046 | D:11     | Noticed a two-headed ogre
 11069 | D:11     | Killed a two-headed ogre
 11596 | D:11     | Noticed a five-headed hydra
 11609 | D:11     | Killed a five-headed hydra
 11748 | D:11     | Found a staircase to the Lair.
 12362 | D:12     | Reached skill level 13 in Armour
 12418 | D:12     | Found a staircase to the Orcish Mines.
 12448 | D:12     | Noticed a two-headed ogre
 12458 | D:12     | Killed a two-headed ogre
 12523 | D:12     | Found a stormy altar of Qazlal.
 12532 | D:12     | Reached ****** piety under Qazlal
 12580 | D:12     | Noticed a two-headed ogre
 12583 | D:12     | Killed a two-headed ogre
 12905 | D:12     | Reached XP level 13. HP: 78/78 MP: 19/19
 13173 | Lair:1   | Entered Level 1 of the Lair of Beasts
 13197 | Lair:1   | Noticed Fannar
 13209 | Lair:1   | Killed Fannar
 13714 | Lair:1   | You fall into a shaft and drop 1 floor!
 13948 | Lair:2   | Reached skill level 10 in Invocations
 14078 | Lair:2   | Found a dark tunnel.
 14089 | Volcano  | Entered a volcano
 14119 | Volcano  | Reached skill level 14 in Armour
 14480 | Volcano  | Found a burning altar of Makhleb.
 14497 | Volcano  | Noticed an ogre mage
 14507 | Volcano  | Killed an ogre mage
 14517 | Volcano  | Reached skill level 10 in Fighting
 15286 | Lair:2   | Found a staircase to the Swamp.
 16175 | Lair:3   | Gained mutation: Your large and strong wings let you fly
                  | indefinitely. [Gargoyle growth]
 16175 | Lair:3   | Reached XP level 14. HP: 86/88 MP: 22/22
 16394 | Lair:3   | Reached skill level 15 in Armour
 17336 | Lair:4   | Found a staircase to the Snake Pit.
 18071 | Lair:5   | Found a viscous altar of Jiyva.
 18072 | Lair:5   | Found a staircase to the Slime Pits.
 18179 | Lair:5   | You fall into a shaft and drop 1 floor!
 18179 | Lair:6   | Entered Level 6 of the Lair of Beasts
 18340 | Lair:6   | Reached skill level 16 in Armour
 18601 | Lair:6   | Noticed Rupert
 18604 | Lair:6   | Paralysed by Rupert for 5 turns
 18613 | Lair:6   | Paralysed by Rupert for 2 turns
 18623 | Lair:6   | Killed Rupert
 18799 | Lair:6   | Found a shimmering blue altar of Sif Muna.
 19364 | Lair:6   | Found a runed translucent door.
 19402 | Lair:6   | Reached XP level 15. HP: 60/94 MP: 23/23
 20737 | Orc:1    | Entered Level 1 of the Orcish Mines
 21127 | D:12     | Reached skill level 15 in Maces & Flails
 21518 | Orc:1    | You fall into a shaft and drop 1 floor!
 21518 | Orc:2    | Entered Level 2 of the Orcish Mines
 21545 | Orc:2    | Reached skill level 17 in Armour
 21652 | Orc:2    | Noticed Jorgrun
 21669 | Orc:2    | Found a roughly hewn altar of Beogh.
 22022 | Orc:1    | Found Geneinal's Jewellery Emporium.
 22714 | D:13     | Identified the +7 gold dragon scales of Jatas {rPois rF+
                  | rC+ MR+ Str+3 Dex-2}
 22876 | D:13     | Identified Sif Muna's Incunabulum of Torrid Shape Shifting
 23613 | D:14     | Reached skill level 18 in Armour
 23684 | D:14     | Reached XP level 16. HP: 98/101 MP: 24/24
 23813 | D:14     | Found the +7 mace of Variability {chain chaos}
 23813 | D:14     | Found a shimmering altar of Xom.
 23871 | D:14     | Reached skill level 1 in Shields
 23909 | D:14     | Found a runed translucent door.
 23922 | D:14     | Identified the +6 mace "Jurenneb" {pain, +Inv}
 23923 | D:14     | Identified the +6 morningstar of the Exiled Continents
                  | {holy, +Rage rPois rN+}
 24198 | D:14     | Found a gate to the Vaults.
 24206 | D:14     | Identified Sif Muna's Guide on Intoxication and
                  | Transformation
 24405 | D:14     | Reached skill level 5 in Dodging
 24480 | D:15     | Entered Level 15 of the Dungeon
 25010 | D:15     | Reached skill level 5 in Shields
 25239 | D:15     | Identified the Grimoire of Cankerous Dark Secrets
 25665 | D:15     | Found a staircase to the Depths.
 25758 | Depths:1 | Entered Level 1 of the Depths
 25978 | Depths:1 | Reached skill level 19 in Armour
 26193 | Depths:1 | Found a gateway to Hell.
 26830 | Depths:1 | Noticed Saint Roka
 26879 | Depths:1 | Killed Saint Roka
 26879 | Depths:1 | Reached XP level 17. HP: 66/106 MP: 25/25
 27364 | Depths:2 | Found a corrupted altar of Lugonu.
 27364 | Depths:2 | Found a one-way gate to the infinite horrors of the Abyss.
 28474 | Depths:2 | Reached skill level 10 in Shields
 28709 | Depths:1 | Reached skill level 20 in Armour
 30699 | Depths:2 | Found a gateway to a ziggurat.
 30770 | Depths:2 | Found a one-way gate leading to the halls of Pandemonium.
 31347 | Swamp:1  | Entered Level 1 of the Swamp
 31404 | Swamp:1  | Reached XP level 18. HP: 112/112 MP: 26/26
 32218 | Swamp:2  | Reached skill level 21 in Armour
 33129 | Swamp:3  | Identified Roxanne's Disquisition on Changing
 33129 | Swamp:3  | Noticed Roxanne
 34045 | Swamp:3  | Killed Roxanne
 34208 | Swamp:4  | Entered Level 4 of the Swamp
 35467 | Swamp:4  | Got a decaying rune of Zot
 35803 | Vaults:1 | Entered Level 1 of the Vaults
 35880 | D:14     | Reached XP level 19. HP: 54/116 MP: 27/27
 36099 | D:14     | Reached skill level 22 in Armour
 36149 | Vaults:1 | Found a portal to a secret trove of treasure.
 36260 | Vaults:1 | Found Xyoj's Distillery.
 36406 | Vaults:1 | Bought a potion of heal wounds for 105 gold pieces
 36406 | Vaults:1 | Bought a potion of heal wounds for 105 gold pieces
 36454 | Vaults:1 | Reached skill level 15 in Shields
 37666 | Vaults:2 | Cast into level 2 of the Abyss (a deep elf sorcerer)
 37681 | Abyss:2  | Found a corrupted altar of Lugonu.
 37749 | Abyss:2  | Reached skill level 23 in Armour
 37967 | Vaults:2 | Escaped the Abyss
 38742 | Vaults:2 | Reached skill level 24 in Armour
 38777 | Vaults:2 | Reached XP level 20. HP: 122/122 MP: 28/28
 39885 | Vaults:3 | Reached skill level 25 in Armour
 39903 | Vaults:3 | Noticed a Brimstone Fiend
 40257 | Vaults:3 | Found Plog's Jewellery Boutique.
 40269 | Vaults:3 | Bought an uncursed ring of see invisible for 195 gold
                  | pieces
 40269 | Vaults:3 | Bought an uncursed amulet of regeneration for 390 gold
                  | pieces
 40500 | Vaults:3 | Found a staircase to the Crypt.
 40660 | Vaults:3 | Paralysed by a wizard for 6 turns
 40789 | Vaults:3 | You are sucked into a shaft and drop 1 floor!
 41218 | Vaults:4 | Found Goerghaud's General Store.
 41226 | Vaults:4 | Bought a scroll of blinking for 157 gold pieces
 41226 | Vaults:4 | Bought a scroll of enchant armour for 157 gold pieces
 41280 | Vaults:4 | Noticed Frederick
 41308 | Vaults:4 | Killed Frederick
 41330 | Vaults:4 | Identified Pojuapux's Handbook of Shape Shifting and Ice
 41441 | Vaults:4 | Found a ruined gateway.
 41740 | Vaults:4 | Reached skill level 26 in Armour
 41767 | Vaults:4 | Reached XP level 21. HP: 127/127 MP: 29/29
 42534 | Vaults:5 | Entered Level 5 of the Vaults
 42582 | Vaults:5 | Noticed a golden dragon
 42815 | Vaults:5 | Noticed an ancient lich
 42835 | Vaults:5 | Noticed a golden dragon
 42907 | Vaults:5 | Noticed a golden dragon
 42982 | Vaults:5 | Reached skill level 27 in Armour
 42986 | Vaults:5 | Noticed a golden dragon
 43029 | Vaults:5 | Killed a golden dragon
 43274 | Vaults:5 | Reached XP level 22. HP: 98/138 MP: 30/30
 43485 | Vaults:4 | Killed an ancient lich
 43654 | Vaults:3 | Found Vaedoer's Jewellery Shoppe.
 43660 | Vaults:3 | Bought a cursed ring of attention for 54 gold pieces
 43665 | Vaults:3 | Found Jaidghem's Magic Scroll Shop.
 44130 | Orc:2    | Killed Jorgrun
 44130 | Orc:2    | Reached skill level 15 in Fighting
 44248 | Orc:2    | Found a staircase to the Elven Halls.
 44618 | Orc:2    | Found Idininuo's Jewellery Shoppe.
 44618 | Orc:2    | Found Ibbimos's Armour Shoppe.
 44619 | Orc:2    | Found Qaell's Distillery.
 44622 | Orc:2    | Found Ypnu Kyshro's Antique Weapon Emporium.
 44627 | Orc:2    | Bought a potion of berserk rage for 65 gold pieces
 44627 | Orc:2    | Bought a potion of haste for 130 gold pieces
 45111 | Orc:2    | Found a roughly hewn altar of Beogh.
 45244 | Elf:1    | Entered Level 1 of the Elven Halls
 45318 | Elf:1    | Got a brightly glowing bone ring
 45319 | Elf:1    | Identified the ring "Bapp" {Dex+2 Stlth-} (You found it on
                  | level 1 of the Elven Halls)
 45929 | Elf:1    | Noticed Donald
 45940 | Elf:1    | Killed Donald
 46799 | Elf:2    | Found a runed translucent gate.
 46799 | Elf:2    | Found a runed translucent gate.
 46799 | Elf:2    | Found a runed translucent gate.
 47262 | Elf:3    | Entered Level 3 of the Elven Halls
 47370 | Elf:3    | Found a frozen archway.
 47376 | IceCv    | Entered an ice cave
 47596 | IceCv    | Identified the Tome of the Glacier and the Entourage
 47918 | IceCv    | Got a shimmering hat
 47923 | IceCv    | Identified the +1 hat "Guorph" {Str+2} (You found it in an
                  | ice cave)
 48633 | Elf:3    | Reached XP level 23. HP: 148/148 MP: 31/31
 49339 | Elf:3    | Identified the +4 rapier of Tortured Tender Mercy {flame,
                  | rC+ Dex+4}
 49364 | Elf:3    | Got a glittering marble ring
 49365 | Elf:3    | Identified the ring of Isoecw {rF+ rC+ Stlth-} (You found
                  | it on level 3 of the Elven Halls)
 49935 | Vaults:5 | Identified the +3 spear "Acarineslayer" {freeze, MR- Str-3
                  | Int+9 Stlth+}
 50019 | Vaults:5 | Killed a golden dragon
 50317 | Vaults:5 | Killed a golden dragon
 50400 | Vaults:5 | Reached XP level 24. HP: 78/157 MP: 31/31
 50823 | Vaults:4 | Cast into level 2 of the Abyss (a deep elf sorcerer)
 50928 | Vaults:4 | Escaped the Abyss
 51787 | Vaults:5 | Identified the Grimoire of Transformation
 51802 | Vaults:5 | Got a silver rune of Zot
 52745 | Snake:1  | Entered Level 1 of the Snake Pit
 53244 | Snake:1  | Found a shimmering altar of Xom.
 53344 | Snake:1  | Found a bloodstained altar of Trog.
 53383 | Snake:1  | Found Nypuuzuo's Magic Scroll Shoppe.
 53387 | Snake:1  | Bought a scroll of blinking for 112 gold pieces
 53387 | Snake:1  | Bought a scroll of enchant weapon for 112 gold pieces
 55326 | Snake:4  | Entered Level 4 of the Snake Pit
 55351 | Snake:4  | Noticed Vashnia
 55472 | Snake:4  | Killed Vashnia
 55472 | Snake:4  | Reached XP level 25. HP: 139/163 MP: 21/31
 55793 | Snake:4  | Found Davil's Distillery.
 55801 | Snake:4  | Bought a potion of heal wounds for 65 gold pieces
 55801 | Snake:4  | Bought a potion of berserk rage for 65 gold pieces
 55801 | Snake:4  | Bought a potion of invisibility for 104 gold pieces
 55801 | Snake:4  | Bought a potion of might for 52 gold pieces
 56202 | Snake:4  | Got a serpentine rune of Zot
 56506 | Snake:4  | Found Ytotog's Antique Armour Shop.
 56509 | Snake:4  | Bought a faintly humming cloak for 247 gold pieces
 56509 | Snake:4  | Identified the +0 cloak of the Baker {rN+} (You bought it
                  | in a shop on level 4 of the Snake Pit)
 56566 | Snake:4  | Found Arghenana's Antique Weapon Shoppe.
 56590 | Snake:4  | Found Bofep's Magic Scroll Shoppe.
 56625 | Snake:4  | Found Senerif's Gadget Shoppe.
 56723 | Snake:4  | Bought a scroll of enchant weapon for 120 gold pieces
 56723 | Snake:4  | Bought a scroll of enchant weapon for 120 gold pieces
 56723 | Snake:4  | Bought a scroll of blinking for 120 gold pieces
 56723 | Snake:4  | Bought a scroll of enchant armour for 120 gold pieces
 56723 | Snake:4  | Bought a scroll of teleportation for 48 gold pieces
 56723 | Snake:4  | Bought a scroll of teleportation for 48 gold pieces
 57748 | Depths:3 | Noticed an ancient lich
 57755 | Depths:3 | Paralysed by an ancient lich for 2 turns
 57761 | Depths:3 | Killed an ancient lich
 58571 | Depths:3 | Reached XP level 26. HP: 168/168 MP: 31/31
 58572 | Depths:3 | Reached XP level 27. HP: 173/173 MP: 31/31
 58806 | Depths:4 | Paralysed by a floating eye for 4 turns
 59535 | Depths:5 | Entered Level 5 of the Depths
 59615 | Depths:5 | Noticed Boris
 59626 | Depths:5 | Noticed a juggernaut
 59641 | Depths:5 | Killed Boris
 59656 | Depths:5 | Killed a juggernaut
 59661 | Depths:5 | Noticed Sojobo
 59687 | Depths:5 | Killed Sojobo
 60278 | Depths:5 | Found a gate to the Realm of Zot.
 60626 | Depths:2 | Voluntarily entered the Abyss.
 61018 | Abyss:2  | Paralysed by accursed screaming for 1 turns
 61129 | Abyss:3  | Found a corrupted altar of Lugonu.
 61211 | Abyss:3  | Gained mutation: You do not regenerate when monsters are
                  | visible. [a neqoxec]
 61233 | Abyss:3  | Found an ancient bone altar of Kikubaaqudgha.
 61529 | Abyss:3  | Gained mutation: [You are frail. (-10% HP)] [a cacodemon]
 61536 | Abyss:3  | Gained mutation: Your flesh is heat resistant. (rF+) [a
                  | cacodemon]
 61547 | Abyss:3  | Gained mutation: You occasionally shout uncontrollably at
                  | your foes. [a cacodemon]
 61580 | Abyss:3  | Paralysed by accursed screaming for 2 turns
 61588 | Abyss:3  | Paralysed by accursed screaming for 2 turns
 61592 | Abyss:3  | Paralysed by accursed screaming for 2 turns
 61592 | Abyss:3  | Gained mutation: [Your magical capacity is low. (-10% MP)]
                  | [a neqoxec]
 61724 | Abyss:3  | Lost mutation: [You are very frail. (-20% HP)] [potion of
                  | mutation]
 61724 | Abyss:3  | Lost mutation: You occasionally shout uncontrollably at
                  | your foes. [potion of mutation]
 61724 | Abyss:3  | Lost mutation: Your flesh is heat resistant. (rF+) [potion
                  | of mutation]
 61724 | Abyss:3  | Lost mutation: [Your magical capacity is low. (-10% MP)]
                  | [potion of mutation]
 61724 | Abyss:3  | Gained mutation: You are dopey. (Int -2) [potion of
                  | mutation]
 61724 | Abyss:3  | Gained mutation: You are partially covered in slimy green
                  | scales. (AC +2) [potion of mutation]
 61724 | Abyss:3  | Gained mutation: You have sharp toenails. [potion of
                  | mutation]
 61724 | Abyss:3  | Gained mutation: Your spells are a little harder to cast,
                  | but a little more powerful. [potion of mutation]
 61725 | Abyss:3  | Lost mutation: You are partially covered in slimy green
                  | scales. (AC +2) [potion of mutation]
 61725 | Abyss:3  | Lost mutation: You are dopey. (Int -2) [potion of mutation]
 61725 | Abyss:3  | Lost mutation: Your spells are a little harder to cast, but
                  | a little more powerful. [potion of mutation]
 61725 | Abyss:3  | Gained mutation: You are partially covered in rugged brown
                  | scales. (AC +1, +3% HP) [potion of mutation]
 61725 | Abyss:3  | Gained mutation: Your flesh is heat resistant. (rF+)
                  | [potion of mutation]
 61825 | Abyss:4  | Lost mutation: You have sharp toenails. [potion of
                  | mutation]
 61825 | Abyss:4  | Lost mutation: Your flesh is heat resistant. (rF+) [potion
                  | of mutation]
 61825 | Abyss:4  | Lost mutation: You are partially covered in rugged brown
                  | scales. (AC +1, +3% HP) [potion of mutation]
 61825 | Abyss:4  | Gained mutation: Your flesh is cold resistant. (rC+)
                  | [potion of mutation]
 61825 | Abyss:4  | Gained mutation: Scrolls take you much longer to read.
                  | [potion of mutation]
 61825 | Abyss:4  | Gained mutation: You have sharp toenails. [potion of
                  | mutation]
 61826 | Abyss:4  | Lost mutation: Your flesh is cold resistant. (rC+) [potion
                  | of mutation]
 61826 | Abyss:4  | Lost mutation: You do not regenerate when monsters are
                  | visible. [potion of mutation]
 61826 | Abyss:4  | Lost mutation: Scrolls take you much longer to read.
                  | [potion of mutation]
 61826 | Abyss:4  | Lost mutation: You have sharp toenails. [potion of
                  | mutation]
 61826 | Abyss:4  | Gained mutation: Armour fits poorly on your strangely
                  | shaped body. [potion of mutation]
 61826 | Abyss:4  | Gained mutation: Your muscles are strong. (Str +2) [potion
                  | of mutation]
 62065 | Abyss:4  | Paralysed by accursed screaming for 1 turns
 62136 | Depths:2 | Escaped the Abyss
 62238 | Depths:2 | Voluntarily entered the Abyss.
 62268 | Abyss:1  | Paralysed by accursed screaming for 2 turns
 62275 | Abyss:1  | Paralysed by accursed screaming for 2 turns
 62310 | Depths:2 | Escaped the Abyss
 62500 | Depths:2 | Voluntarily entered the Abyss.
 63173 | Abyss:3  | Paralysed by accursed screaming for 1 turns
 63211 | Depths:2 | Escaped the Abyss
 63473 | Depths:2 | Voluntarily entered the Abyss.
 63482 | Abyss:2  | Found a corrupted altar of Lugonu.
 63709 | Abyss:2  | Paralysed by accursed screaming for 2 turns
 63723 | Abyss:2  | Paralysed by accursed screaming for 1 turns
 63729 | Abyss:2  | Paralysed by accursed screaming for 1 turns
 63732 | Abyss:2  | HP: 1/138 [starcursed mass/accursed screaming (13)]
 63738 | Abyss:2  | Paralysed by accursed screaming for 1 turns
 63750 | Abyss:2  | Paralysed by accursed screaming for 1 turns
 63753 | Abyss:2  | Quit the game

Illustrated notes

Levels and vault maps discovered:
D:1:      heliophobic_arrival_battle_scene, layout_rooms
D:2:      layout_basic, xom_redecorated, kiku_gazebo_garden_becter,
          gammafunk_temple_overflow_arena, nicolae_overflow_hidden_temple,
          serial_rivers, chequers_serial_rivers_micro_b,
          chequers_serial_rivers_small_a, chequers_serial_rivers_large_a,
          chequers_serial_rivers_micro_b, chequers_serial_rivers_marsh
D:3:      layout_loops_ring
D:4:      layout_loops_ring, kennysheep_crisscross, kennysheep_generic_room_6
D:5:      layout_gridville, ashenzari_altar_1, minmay_temple_entry_large_hall,
          basic_altar, uniq_grinder, uniq_pikel
D:6:      layout_loops_ring, kennysheep_little_box, uniq_crazy_yiuf_cottage
D:7:      layout_rooms, dancing_weapons_uskayaw, grunt_ministairs_5,
          minmay_misc_feat_iff, minivault_23, st_stairs_6
D:8:      layout_rooms, okawaru_humans, lemuel_doored_altar, basic_altar,
          roderic_st_hans_cross, grunt_ministairs_2
D:9:      layout_rooms, basic_altar, nzn_random_ring, uniq_prince_ribbit1
D:10:     layout_roguey, minivault_29, uniq_harold, uniq_maggie, uniq_nergalle
D:11:     layout_gridville, erik_lair_orcish_takeover, grunt_ministairs_2
D:12:     layout_roguey, orc_0_dummy, minmay_misc_feat_room, grunt_qazlal_clouds
D:13:     minmay_the_grid_octo_tiled_squarecenter_mashed
          [minmay_the_grid_octo_focus, minmay_the_grid_octo_tetromino_candy,
          minmay_the_grid_octo_clover_2, minmay_the_grid_octo_odd_swirl,
          minmay_the_grid_square_5x5_megaprize_crossed,
          minmay_the_grid_square_5x5_lines, minmay_the_grid_square_5x5_c,
          minmay_the_grid_square_5x5_half_checkered,
          minmay_the_grid_square_5x5_longway], layout_basic, minivault_25
D:14:     layout_basic, skrybe_vaults_entry_preservation,
          corexii_leaking_fountain, minmay_st_funbox,
          minmay_guarded_unrand_variability
D:15:     grunt_enter_depths_hoard, layout_gridville, corexii_hall_statues_s,
          minivault_15, serial_bayou_crossing
Temple:   nicolae_temple_hex_pool
Lair:1:   layout_cave_shapes, minivault_24, lemuel_fruit_tree, uniq_fannar
Lair:2:   layout_small_grid, minmay_swamp_entry_eels,
          nicolae_volcano_entry_two_sided, hangedman_lair_generics_rect
Lair:3:   layout_loops_ring, st_stairs_13, kennysheep_basilisk_garden
Lair:4:   layout_long_grid, minmay_snake_entry_six_corridors
Lair:5:   layout_hall_layers, slime_altar_1, grunt_megastairs_5
Lair:6:   wormcave, layout_gridlike, lemuel_oklob_altar, uniq_rupert
Swamp:1:  layout_falls_marsh, evilmike_swamp_ruin_rubble_1, swamp_pool2
Swamp:2:  layout_basic_swamp, hangedman_swamp_ruin_wall,
          infiniplex_staircase_pool
Swamp:3:  layout_basic_swamp, hangedman_swamp_pad, uniq_roxanne
Swamp:4:  swamp_vile, layout_basic_swamp, swamp_pool1
Snake:1:  layout_layer_cave, serial_shops, shop_fountains,
          hangedman_feature_mirror, nicolae_snake_linked_coils
Snake:2:  layout_rooms
Snake:3:  layout_onion
Snake:4:  grunt_snake_rune_spirals, layout_onion, serial_shops,
          nicolae_shop_statue_plus, shop, nicolae_shop_statue_plus,
          nicolae_shop_behind_doors, nicolae_shop_waterfront, uniq_vashnia
Orc:1:    layout_caves, serial_shops, shop_statue
Orc:2:    st_orc_mages, layout_caves, basic_altar, minmay_orc_temple_c,
          uniq_jorgrun
Elf:1:    minmay_ambush_box, layout_gridlike, hangedman_elf_represent,
          dk_noncrumbling_2, uniq_donald
Elf:2:    layout_geoelf_diagonals
Elf:3:    minmay_elf_hall_four_x, layout_geoelf_castle,
          portal_ice_cave_entry_pillars_1
Vaults:1: v_alt_pattern_1, v_alt_pattern_6, v_misc_27, v_alt_pattern_6,
          vaults_mumra_minichess, nicolae_vaults_circle_grid_b,
          vaults_dpeg_encased_lava, ontoclasm_vaults_loading_screen,
          vaults_room_fours, ontoclasm_vaults_misaligned, v_alt_pattern_1,
          layout_vaults_big_cross, serial_shops, shop, enter_trove_2
Vaults:2: nicolae_vaults_what_the_h, v_rooms_3, nicolae_vaults_specimen_jars,
          vaults_room_fours, st_smaller_cells, v_misc_4, layout_vaults_omnigrid
Vaults:3: ontoclasm_vaults_loading_screen, ontoclasm_vaults_bender,
          minmay_crypt_entry_skeletal_spiral, grunt_vaults_funnel, v_misc_16,
          v_misc_14, v_rooms_6, hangedman_vaults_capsules,
          nicolae_vaults_little_squares_5, st_cells, layout_vaults_big_room,
          serial_shops, shop_fountains, shop_statue, nicolae_shop_waterfront
Vaults:4: v_misc_24, v_alt_pattern_4, v_rooms_4,
          nicolae_vaults_twisting_passages, v_rooms_4,
          nicolae_vaults_border_crossing, v_misc_28, v_misc_16,
          ontoclasm_vaults_ligature, nicolae_vaults_little_squares_1,
          nicolae_vaults_murderbox, vaults_room_corners, layout_vaults_ring,
          portal_desolation_entry_salt, serial_shops, shop_statue,
          uniq_frederick
Vaults:5: uniq_margery
Depths:1: layout_gridville, minmay_holes, grunt_metal_band, bh_walls_and_bars,
          uniq_saint_roka
Depths:2: hourglass_vault, layout_cross, enter_ziggurat_b,
          abyss_entry_flame_altar, grunt_pan_entry_zigzag, hell_entry,
          nrook_uturn, kennysheep_generic_room_9
Depths:3: lemuel_river_lethe, pan_entry, hell_entry
Depths:4: kennysheep_spiral_hall, layout_gridlike, abyss_entry, pf_coc_iceberg,
          nrook_campfire, infiniplex_staircase_diamond, serial_bayou_shore_b
Depths:5: evilmike_zot_entry_round, layout_cave_shapes, serial_rivers,
          chequers_serial_rivers_micro_e, chequers_serial_rivers_micro_b,
          chequers_serial_rivers_micro_a, chequers_serial_rivers_small_a,
          minmay_misc_feat_rows, hell_entry, hangedman_glass_teeth, uniq_boris,
          uniq_sojobo
Abyss:2:  base: Desolation, evilmike_abyss_exit_kraken,
          onia_ninara_dug_in_and_dangerous, guppyfry_abyss_exit_imp_island,
          gammafunk_corrupted_shrine, base: Lair:2,
          guppyfry_abyss_exit_spiral_guarded, guppyfry_abyss_exit_glass_guarded,
          base: Lair:6, base: D:11, serial_sigils_hangedman_shear,
          abyss_furniture_001, abyss_furniture_001, base:
Lair:3

Skill      XL: |  1  2  3  4  5  6  7  8  9 10 11 12 13 14 15 16 17 18 19 20 21 22 23 24 25 26 27 |
---------------+----------------------------------------------------------------------------------+-----
Fighting       | 2 3 4 6 8 10 11 12 14 16 18 | 18.0
Maces & Flails | 2 3 4 6 9 10 12 13 14 15 17 18 20 21 24 | 24.5
Armour         | 2 7 8 9 11 13 14 16 18 19 20 21 24 26 27 | 27.0
Invocations    | 5 7 9 11 | 11.0
Dodging        | 4 5 |  5.0
Shields        | 8 12 14 15 16 18 20 23 | 23.7
Unarmed Combat | |  3.0
Spellcasting   | |  2.0
Transmutations | |  1.5

Action                   |  1- 3 |  4- 6 |  7- 9 | 10-12 | 13-15 | 16-18 | 19-21 | 22-24 | 25-27 || total
-------------------------+-------+-------+-------+-------+-------+-------+-------+-------+-------++-------
Melee: Unarmed           |    50 |       |       |     6 |       |       |       |       |       ||    56
       Punch             |     2 |     5 |     2 |     9 |    17 |       |       |       |       ||    35
       Club              |    71 |       |       |       |       |       |       |       |       ||    71
       Whip              |    50 |   232 |       |       |   121 |   842 |       |       |       ||  1245
       Mace              |       |   153 |   128 |       |       |       |       |       |       ||   281
       Morningstar       |       |       |   266 |   875 |  1117 |   188 |       |       |       ||  2446
       Demon whip        |       |       |       |       |       |   852 |  1900 |  2188 |  2578 ||  7518
Throw: Dart              |       |       |     8 |     1 |     1 |     4 |     2 |       |       ||    16
Invok: Upheaval          |       |       |     1 |     1 |       |       |       |       |       ||     2
       Elemental Force   |       |       |       |       |     1 |       |     1 |       |       ||     2
       Disaster Area     |       |       |       |       |       |       |     4 |     6 |     4 ||    14
 Abil: Fly               |       |       |       |       |       |     1 |       |       |     2 ||     3
       Stop Flying       |       |       |       |       |       |       |       |     1 |     1 ||     2
Evoke: Wand              |       |       |    10 |     5 |     1 |       |       |       |       ||    16
  Use: Scroll            |     5 |     8 |     2 |    13 |    11 |     6 |     5 |    30 |     9 ||    89
       Potion            |       |       |       |     3 |     6 |       |       |    10 |    10 ||    29
 Stab: Invisible         |       |       |       |       |       |       |       |     5 |       ||     5
       Sleeping          |       |       |       |       |       |       |       |     1 |       ||     1
Armor: Robe              |    15 |       |       |       |       |       |       |       |       ||    15
       Chain mail        |   108 |   254 |   229 |    92 |       |       |       |       |       ||   683
       Plate armour      |       |       |       |   453 |   520 |       |       |       |       ||   973
       Gold dragon scale |       |       |       |       |    79 |   818 |   611 |   821 |   857 ||  3186
Dodge: Dodged            |    72 |   139 |   228 |   387 |   463 |   294 |   418 |   443 |   291 ||  2735
       Repelled          |       |       |       |     3 |    10 |    15 |    14 |    37 |    20 ||    99
Block: Other             |       |       |     5 |   171 |   350 |     4 |       |       |       ||   530
       Buckler           |       |       |       |       |       |   827 |   959 |   781 |       ||  2567
       Tower shield      |       |       |       |       |       |       |       |   718 |  2871 ||  3589

Table legend: (Time is in decaauts)
 A = Elapsed time spent in this place.
 B = Non-inter-level travel time spent in this place.
 C = Inter-level travel time spent in this place.
 D = Time resting spent in this place.
 E = Time spent auto-exploring this place.
 F = Levels seen in this place.
 G = Mean time per level.
                   A        B        C        D        E       F      G
               +--------+--------+--------+--------+--------+-----+--------+
         Total |  59538 |  55411 |   4127 |  12223 |  20197 |  59 | 1009.1 |
       Dungeon |  18102 |  16200 |   1902 |   4337 |   2713 |  15 | 1206.8 |
        Temple |     97 |     77 |     20 |      0 |     75 |   1 |   97.0 |
          Lair |   6812 |   6260 |    552 |   1263 |   2979 |   6 | 1135.3 |
         Swamp |   4006 |   3857 |    149 |   1349 |   1454 |   4 | 1001.5 |
     Snake Pit |   3736 |   3601 |    135 |      0 |   2700 |   4 |  934.0 |
  Orcish Mines |   2090 |   2003 |     87 |    360 |   1116 |   2 | 1045.0 |
   Elven Halls |   3584 |   3319 |    265 |    298 |   2159 |   3 | 1194.7 |
        Vaults |   8770 |   8248 |    522 |   1480 |   3748 |   5 | 1754.0 |
        Depths |   8702 |   8210 |    492 |   2629 |   3178 |   5 | 1740.4 |
         Abyss |   2335 |   2335 |      0 |    117 |      2 |  12 |  194.6 |
      Ice Cave |    490 |    490 |      0 |      0 |     72 |   1 |  490.0 |
       Volcano |    808 |    808 |      0 |    389 |      0 |   1 |  808.0 |
               +--------+--------+--------+--------+--------+-----+--------+

Top non-repeatable levels by time:
Depths:1: 3146 daAuts
Depths:2: 2523 daAuts
Vaults:4: 2488 daAuts
  Lair:6: 1971 daAuts
   Elf:3: 1730 daAuts
Vaults:2: 1705 daAuts
Vaults:5: 1674 daAuts
    D:15: 1633 daAuts
Vaults:3: 1616 daAuts
     D:9: 1588 daAuts
     D:2: 1559 daAuts
    D:13: 1430 daAuts
     D:4: 1364 daAuts
    D:14: 1314 daAuts
Depths:3: 1299 daAuts
